 Dungeon Crawl Stone Soup version 0.29-a0-492-g10b964d8d7 (webtiles) character file.

Game seed: 15345016122818498257

9097 Ijustatesigmund the Thaumaturge (level 11, 0/124 HPs)
             Began as a Gnoll Fire Elementalist on May 27, 2022.
             Was a Priest of Cheibriados.
             Slain by a skeletal warrior
             ... wielding a +0 dire flail
              (15 damage)
             ... on level 7 of the Dungeon.
             The game lasted 00:35:07 (9812 turns).

Ijustatesigmund the Thaumaturge (GnFE)              Turns: 9812, Time: 00:35:08

Health: 0/124      AC: 12    Str: 18    XL:     11   Next: 41%
Magic:  6/23       EV: 21    Int: 26    God:    Cheibriados [***...]
Gold:   186        SH:  7    Dex: 20    Spells: 9/27 levels left

rFire   . . .      SeeInvis +   n - +7 spear (vorpal)
rCold   . . .      Faith    .   o - +1 buckler
rNeg    . . .      Spirit   .   a - +1 robe of Impatience {rCorr Str+4}
rPois   .          Reflect  .   f - +1 helmet
rElec   .          Harm     .   x - +1 cloak
rCorr   +          Rampage  .   (no gloves)
Will    .....                   (no boots)
Stlth   ..........              h - amulet of regeneration
HPRegen 1.10/turn               q - +4 ring of evasion
MPRegen 0.18/turn               r - ring of Rewi {+Blink AC+4 SInv}

@: berserking (expiring), studying Short Blades, very slow
A: fangs 1, strong nose, distributed training
a: Renounce Religion, Evoke Blink, Bend Time, Temporal Distortion


You were on level 7 of the Dungeon.
You worshipped Cheibriados.
Cheibriados was most pleased with you.
You visited 2 branches of the dungeon, and saw 9 of its levels.
You also visited: Bailey.

You collected 1178 gold pieces.
You spent 992 gold pieces at shops.

Inventory:

Hand Weapons
 g - a +0 mace of protection
 n - a +7 vorpal spear (weapon)
 v - a +5 war axe
Armour
 a - the +1 robe of Impatience (worn) {rCorr Str+4}
   (You found it on level 6 of the Dungeon)

   Str:       It affects your strength (+4).
   rCorr:     It protects you from acid and corrosion.
 f - a +1 helmet (worn)
 k - +0 steam dragon scales
 o - a +1 buckler (worn)
 x - a +1 cloak (worn)
Magical Staves
 l - a staff of death
Jewellery
 h - an amulet of regeneration (around neck)
 q - a +4 ring of evasion (left hand)
 r - the ring of Rewi (right hand) {+Blink AC+4 SInv}
   (You bought it in a shop on level 4 of the Dungeon)

   [ring of protection]

   AC:        It affects your AC (+4).
   SInv:      It lets you see invisible.
   +Blink:    It lets you blink.
Scrolls
 d - a scroll of immolation
 j - a scroll of noise
 m - a scroll of amnesia
Potions
 b - a potion of magic
 c - 2 potions of attraction
 e - a potion of curing
 i - 2 potions of mutation
 p - 2 potions of brilliance
 s - a potion of cancellation
 u - a potion of flight {unknown}


   Skills:
 + Level 6.8 Fighting
 + Level 7.0 Short Blades
 + Level 6.8 Long Blades
 + Level 6.8 Axes
 + Level 6.8 Maces & Flails
 + Level 6.8 Polearms
 + Level 6.8 Staves
 + Level 6.8 Slings
 + Level 6.8 Bows
 + Level 6.8 Crossbows
 + Level 6.8 Throwing
 + Level 6.8 Armour
 + Level 8.3 Dodging
 + Level 8.0 Stealth
 + Level 6.8 Shields
 + Level 6.8 Unarmed Combat
 + Level 8.5 Spellcasting
 + Level 6.1 Conjurations
 + Level 5.6 Hexes
 + Level 5.6 Summonings
 + Level 5.6 Necromancy
 + Level 5.6 Translocations
 + Level 5.6 Transmutations
 + Level 7.9 Fire Magic
 + Level 5.6 Ice Magic
 + Level 5.6 Air Magic
 + Level 5.6 Earth Magic
 + Level 5.6 Poison Magic
 + Level 7.4 Invocations
 + Level 6.8 Evocations


You had 9 spell levels left.
You knew the following spells:

 Your Spells              Type           Power      Damage    Failure   Level
a - Foxfire               Conj/Fire      100%       2x1d9     1%          1
b - Scorch                Fire           100%       2d10      1%          2
c - Flame Wave            Conj/Fire      47%        2d10      3%          4
d - Mephitic Cloud        Conj/Pois/Air  41%        N/A       1%          3
e - Blink                 Tloc           80%        N/A       1%          2
f - Apportation           Tloc           80%        N/A       1%          1
g - Borgnjor's Vile Clut  Necr/Erth      20%        N/A       19%         5

Your spell library contained the following spells:

 Spells                   Type           Power      Damage    Failure   Level
 Magic Dart               Conj           100%       1d8       1%          1
 Necrotize                Necr           100%       1d9       1%          1
 Sting                    Tmut/Pois      100%       1d8       1%          1
 Summon Small Mammal      Summ           100%       N/A       1%          1
 Call Imp                 Summ           40%        N/A       1%          2
 Poisonous Vapours        Pois/Air       80%        N/A       1%          2
 Static Discharge         Conj/Air       41%        N/A       1%          2
 Conjure Flame            Conj/Fire      47%        6-21      1%          3
 Inner Flame              Hex/Fire       46%        N/A       1%          3
 Animate Dead             Necr           40%        N/A       7%          4
 Olgreb's Toxic Radiance  Pois           40%        N/A       7%          4
 Lightning Bolt           Conj/Air       20%        1d35      17%         5
 Manifold Assault         Tloc           40%        N/A       19%         5
 Death Channel            Necr           20%        N/A       71%         6
 Storm Form               Tmut/Air       20%        N/A       99%         7
 Maxwell's Capacitive Co  Air            20%        ∞         100%        8


Dungeon Overview and Level Annotations

Branches:
Dungeon (8/15)             Temple (1/1) D:5          Bailey (visited)
   Lair: D:8-11

Altars:
Ashenzari
Cheibriados
Dithmenos
Elyvilon
Fedhas
Gozag
Hepliaklqana
Kikubaaqudgha
Makhleb
Nemelex Xobeh
Okawaru
Qazlal
Ru
Sif Muna
Trog
Uskayaw
Vehumet
Wu Jian
Xom
Yredelemnul
Zin
The Shining One

Shops:
D:4 =   D:5 *


Innate Abilities, Weirdness & Mutations

You have very sharp teeth.
Your uncanny sense of smell can sniff out nearby items.
Your experience applies equally to all skills.


Message History

The skeletal warrior is heavily damaged.
You block the skeletal warrior's attack.
The skeletal warrior barely misses you.
You puncture the skeletal warrior!
The skeletal warrior is almost destroyed.
The skeletal warrior hits you with a +0 dire flail. x2
You puncture the skeletal warrior!
You destroy the skeletal warrior!
Cheibriados appreciates the change of pace.
The skeletal warrior hits you with a +0 dire flail!!
* * * LOW HITPOINT WARNING * * *
Your Short Blades skill increases to level 7!
You hit the skeletal warrior but do no damage.
The skeletal warrior is lightly damaged.
You puncture the skeletal warrior!
The skeletal warrior is lightly damaged.
The skeletal warrior misses you.
You hit the skeletal warrior but do no damage.
The skeletal warrior is lightly damaged.
The skeletal warrior hits you with a +0 dire flail.
* * * LOW HITPOINT WARNING * * *
You closely miss the skeletal warrior.
The skeletal warrior is lightly damaged.
The skeletal warrior hits you with a +0 dire flail!!
* * * LOW HITPOINT WARNING * * *
You puncture the skeletal warrior!
You bite the skeletal warrior, but do no damage.
The skeletal warrior is moderately damaged.
You puncture the skeletal warrior!
The skeletal warrior is heavily damaged.
The skeletal warrior completely misses you.
You hit the skeletal warrior but do no damage.
You bite the skeletal warrior, but do no damage.
The skeletal warrior is heavily damaged.
The skeletal warrior misses you.
You barely miss the skeletal warrior.
You bite the skeletal warrior, but do no damage.
The skeletal warrior is heavily damaged.
The skeletal warrior hits you with a +0 dire flail!
You die...

#..# ##.# ### #..# #.. ###.###
#..# ##). #.....## #..#
##########... ##......## #..#
####..#.........
##........###..###...###...))....
#..........##..#.........))∩)....
.........(..#..).z.....##..).....
................@########........
..............#### #........
.............## ##### ##.......
............## ##...## ##......
.......>....# #.....## ##.....
......[...>.# ##......####.!....
...........## #.........##..#...
..........## #..........#..####
.........## #.............###.


You could see a skeletal warrior.

Vanquished Creatures
  2 vault guards (Bailey)
  2 two-headed ogres
  A skeletal warrior (D:7)
  Pikel (D:6)
  Prince Ribbit (D:7)
  A blink frog (Bailey)
  Sigmund (D:3)
  4 yaks (D:6)
  A wyvern (D:8)
  4 humans (Bailey)
  A steam dragon (D:7)
  A water moccasin (D:7)
  3 ice beasts
  2 sky beasts (D:7)
  3 orc warriors
  3 black bears
  3 ogres
  2 lemures (D:6)
  A kobold brigand (D:6)
  10 bullfrogs
  A necrophage (D:6)
  2 gnoll sergeants
  3 scorpions
  4 wights
  6 howler monkeys
  9 hounds
  2 orc priests
  4 iguanas
  3 orc wizards
  7 adders
  10 gnolls
  5 white imps
  3 ufetubi
  2 worms (D:4)
  4 dart slugs
  11 orcs
  6 ball pythons
  7 endoplasms
  5 giant cockroaches
  4 goblins
  10 hobgoblins
  4 kobolds
  4 quokkas
  A bat (D:2)
  3 frilled lizards
  3 rats
170 creatures vanquished.

Vanquished Creatures (collateral kills)
  2 foxfires (D:4)
2 creatures vanquished.

Vanquished Creatures (others)
  178 foxfires
178 creatures vanquished.

Grand Total: 350 creatures vanquished

Notes
Turn   | Place    | Note
-------+----------+-------------------------------------------
     0 | D:1      | Ijustatesigmund the Gnoll Fire Elementalist began the quest
                  | for the Orb.
     0 | D:1      | Reached XP level 1. HP: 13/13 MP: 6/6
   154 | D:1      | Reached XP level 2. HP: 19/19 MP: 4/7
   191 | D:1      | Learned a level 2 spell: Scorch
   753 | D:1      | Reached XP level 3. HP: 25/25 MP: 6/9
   906 | D:2      | Reached skill level 5 in Spellcasting
  1239 | D:2      | Reached skill level 1 in Invocations
  1333 | D:2      | Reached skill level 1 in Fighting
  1333 | D:2      | Reached skill level 1 in Short Blades
  1333 | D:2      | Reached skill level 1 in Long Blades
  1333 | D:2      | Reached skill level 1 in Axes
  1333 | D:2      | Reached skill level 1 in Maces & Flails
  1333 | D:2      | Reached skill level 1 in Polearms
  1333 | D:2      | Reached skill level 1 in Staves
  1333 | D:2      | Reached skill level 1 in Slings
  1333 | D:2      | Reached skill level 1 in Bows
  1333 | D:2      | Reached skill level 1 in Crossbows
  1333 | D:2      | Reached skill level 1 in Throwing
  1333 | D:2      | Reached skill level 1 in Armour
  1333 | D:2      | Reached skill level 1 in Shields
  1333 | D:2      | Reached skill level 1 in Unarmed Combat
  1333 | D:2      | Reached skill level 1 in Evocations
  1490 | D:2      | Reached skill level 5 in Stealth
  1490 | D:2      | Reached XP level 4. HP: 37/37 MP: 10/12
  1491 | D:2      | Reached skill level 5 in Fighting
  1491 | D:2      | Reached skill level 5 in Short Blades
  1491 | D:2      | Reached skill level 5 in Long Blades
  1491 | D:2      | Reached skill level 5 in Axes
  1491 | D:2      | Reached skill level 5 in Maces & Flails
  1491 | D:2      | Reached skill level 5 in Polearms
  1491 | D:2      | Reached skill level 5 in Staves
  1491 | D:2      | Reached skill level 5 in Slings
  1491 | D:2      | Reached skill level 5 in Bows
  1491 | D:2      | Reached skill level 5 in Crossbows
  1491 | D:2      | Reached skill level 5 in Throwing
  1491 | D:2      | Reached skill level 5 in Armour
  1491 | D:2      | Reached skill level 5 in Shields
  1491 | D:2      | Reached skill level 5 in Unarmed Combat
  1491 | D:2      | Reached skill level 5 in Invocations
  1491 | D:2      | Reached skill level 5 in Evocations
  1491 | D:2      | Reached XP level 5. HP: 44/44 MP: 10/14
  1497 | D:2      | Learned a level 4 spell: Flame Wave
  1541 | D:2      | Reached XP level 6. HP: 51/51 MP: 14/16
  2353 | D:3      | Found a faded altar of an unknown god.
  2355 | D:3      | Noticed Sigmund
  2634 | D:4      | Noticed a black bear
  2639 | D:4      | Killed a black bear
  2750 | D:4      | Found Fesomira's Jewellery Emporium.
  2780 | D:4      | Found a white marble altar of Elyvilon.
  2853 | D:4      | Learned a level 3 spell: Mephitic Cloud
  3383 | D:4      | Reached XP level 7. HP: 56/56 MP: 12/17
  3483 | D:5      | Entered Level 5 of the Dungeon
  3709 | D:5      | Found a staircase to the Ecumenical Temple.
  3795 | D:5      | Found Biubaocw's Lightly-Used Armoury.
  4818 | D:5      | Learned a level 2 spell: Blink
  5307 | D:3      | Reached XP level 8. HP: 62/62 MP: 12/18
  5376 | D:3      | Identified a scroll of acquirement
  5376 | D:3      | Acquired 781 gold pieces
  5437 | D:4      | Bought a +4 ring of evasion for 396 gold pieces
  5437 | D:4      | Bought the ring of Rewi {+Blink AC+4 SInv} for 596 gold
                  | pieces
  5587 | D:3      | Killed Sigmund
  5752 | Temple   | Entered the Ecumenical Temple
  6006 | Temple   | Became a worshipper of Cheibriados the Contemplative
  6108 | D:6      | Noticed Pikel
  6131 | D:6      | Killed Pikel
  6132 | D:6      | Reached skill level 5 in Conjurations
  6132 | D:6      | Reached XP level 9. HP: 67/68 MP: 20/20
  6444 | D:6      | Identified the +1 robe of Impatience {rCorr Str+4}
  6501 | D:6      | Reached * piety under Cheibriados
  6710 | D:6      | HP: 3/69 [yak (10)]
  7268 | D:6      | Reached XP level 10. HP: 41/76 MP: 13/21
  7663 | D:7      | Found a flagged portal.
  7681 | D:7      | Noticed Prince Ribbit
  7683 | Bailey   | Entered a bailey
  7780 | Bailey   | Reached skill level 5 in Hexes
  7780 | Bailey   | Reached skill level 5 in Summonings
  7780 | Bailey   | Reached skill level 5 in Necromancy
  7780 | Bailey   | Reached skill level 5 in Translocations
  7780 | Bailey   | Reached skill level 5 in Transmutations
  7780 | Bailey   | Reached skill level 5 in Ice Magic
  7780 | Bailey   | Reached skill level 5 in Air Magic
  7780 | Bailey   | Reached skill level 5 in Earth Magic
  7780 | Bailey   | Reached skill level 5 in Poison Magic
  7810 | Bailey   | Learned a level 1 spell: Apportation
  7816 | Bailey   | Learned a level 5 spell: Borgnjor's Vile Clutch
  7825 | Bailey   | Reached ** piety under Cheibriados
  8011 | Bailey   | Noticed a vault guard
  8054 | Bailey   | Killed a vault guard
  8153 | Bailey   | Noticed a vault guard
  8167 | Bailey   | Killed a vault guard
  8488 | D:7      | Killed Prince Ribbit
  8550 | D:7      | Noticed a two-headed ogre
  8554 | D:7      | Reached XP level 11. HP: 83/83 MP: 5/23
  8575 | D:7      | Killed a two-headed ogre
  8748 | D:7      | Reached *** piety under Cheibriados
  9595 | D:8      | Noticed a two-headed ogre
  9609 | D:8      | Killed a two-headed ogre
  9770 | D:8      | Noticed a skeletal warrior
  9772 | D:8      | Noticed a skeletal warrior
  9788 | D:8      | Noticed a skeletal warrior
  9788 | D:8      | Noticed a skeletal warrior
  9804 | D:7      | Killed a skeletal warrior
  9812 | D:7      | Slain by a skeletal warrior

Illustrated notes

Levels and vault maps discovered:
D:1:      scummos_arrival_simple_crosswalls, layout_rooms
D:2:      layout_loops_ring, dk_vineyard_1, columned_hall_lemuel
D:3:      layout_rooms, hellmonk_ecumenical_altar_pennies_from_heaven,
          cheibrodos_gnoll_hut, uniq_sigmund
D:4:      nicolae_cairo_tiling_large, layout_gridville,
          nicolae_elyvilon_peaceful_grove, serial_shops,
          nicolae_shop_advertising_works [nicolae_subvault_shop_adworks]
D:5:      layout_basic, temple_statues, minmay_shop_damaged
D:6:      minmay_octagon_keep, layout_basic, uniq_pikel
D:7:      layout_cave_pods, enter_bailey_2, minmay_manual_mail,
          uniq_prince_ribbit1
D:8:      layout_cave_pools
Temple:   mainiacjoe_temple_hex_bubbles

Skill      XL: |  1  2  3  4  5  6  7  8  9 10 11 |
---------------+----------------------------------+-----
Conjurations   | 2 3 4 5 6 |  6.1
Spellcasting   | 6 7 8 |  8.5
Invocations    | 4 5 6 7 |  7.4
Fighting       | 3 5 6 |  6.8
Short Blades   | 3 5 6 7 |  7.0
Long Blades    | 3 5 6 |  6.8
Axes           | 3 5 6 |  6.8
Maces & Flails | 3 5 6 |  6.8
Polearms       | 3 5 6 |  6.8
Staves         | 3 5 6 |  6.8
Slings         | 3 5 6 |  6.8
Bows           | 3 5 6 |  6.8
Crossbows      | 3 5 6 |  6.8
Throwing       | 3 5 6 |  6.8
Armour         | 3 5 6 |  6.8
Shields        | 3 5 6 |  6.8
Unarmed Combat | 3 5 6 |  6.8
Evocations     | 3 5 6 |  6.8
Dodging        | 6 7 8 |  8.3
Stealth        | 5 6 7 8 |  8.0
Hexes          | 3 4 5 |  5.6
Summonings     | 3 4 5 |  5.6
Necromancy     | 3 4 5 |  5.6
Translocations | 3 4 5 |  5.6
Transmutations | 3 4 5 |  5.6
Fire Magic     | 6 7 |  7.9
Ice Magic      | 3 4 5 |  5.6
Air Magic      | 3 4 5 |  5.6
Earth Magic    | 3 4 5 |  5.6
Poison Magic   | 3 4 5 |  5.6

Action                   |  1- 3 |  4- 6 |  7- 9 | 10-12 || total
-------------------------+-------+-------+-------+-------++-------
Melee: Falchion          |     3 |    10 |       |       ||    13
       Bite              |       |     1 |    15 |    14 ||    30
       Spear             |       |       |   146 |   140 ||   286
       Mace              |       |       |     1 |       ||     1
 Cast: Foxfire           |    55 |    21 |    15 |    14 ||   105
       Scorch            |     8 |    23 |    35 |    19 ||    85
       Mephitic Cloud    |       |     1 |    22 |    20 ||    43
       Blink             |       |       |     3 |       ||     3
       Flame Wave        |       |       |     1 |    14 ||    15
       Apportation       |       |       |       |     3 ||     3
Invok: Bend Time         |       |       |       |     1 ||     1
 Abil: Evoke Blink       |       |       |     2 |     2 ||     4
  Use: Scroll            |     5 |       |     8 |     9 ||    22
       Potion            |     1 |     1 |     8 |     4 ||    14
 Stab: Sleeping          |       |     1 |     5 |     1 ||     7
       Confused          |       |       |     9 |     9 ||    18
       Distracted        |       |       |     1 |       ||     1
Armor: Robe              |     4 |     3 |    30 |    12 ||    49
       Skin              |       |       |       |    14 ||    14
Dodge: Dodged            |    11 |    13 |   145 |    82 ||   251
Block: Buckler           |       |       |    32 |    44 ||    76

Table legend: (Time is in decaauts)
 A = Elapsed time spent in this place.
 B = Non-inter-level travel time spent in this place.
 C = Inter-level travel time spent in this place.
 D = Time resting spent in this place.
 E = Time spent auto-exploring this place.
 F = Levels seen in this place.
 G = Mean time per level.
                   A        B        C        D        E       F      G
               +--------+--------+--------+--------+--------+-----+--------+
         Total |  10638 |   9970 |    668 |   2623 |   5532 |  10 | 1063.8 |
       Dungeon |   9500 |   8898 |    602 |   2147 |   5253 |   8 | 1187.5 |
        Temple |    278 |    213 |     65 |      0 |    211 |   1 |  278.0 |
        Bailey |    859 |    859 |      0 |    476 |     68 |   1 |  859.0 |
               +--------+--------+--------+--------+--------+-----+--------+

Top non-repeatable levels by time:
     D:6: 1852 daAuts
     D:7: 1702 daAuts
     D:5: 1559 daAuts
     D:4: 1465 daAuts
     D:2: 1245 daAuts
     D:1: 902 daAuts
  Bailey: 859 daAuts
     D:3: 614 daAuts
  Temple: 278 daAuts
     D:8: 158 daAuts
